 Dungeon Crawl Stone Soup version 0.29.1-2-gbd0b4ee654 (webtiles) character file.

Game seed: 5183022419248257415

118 GorkyZ the Chopper (level 5, -2/32 HPs)
             Began as a Gargoyle Gladiator on Nov 29, 2022.
             Slain by a goblin
             ... wielding a +0 dagger
              (3 damage)
             ... on level 3 of the Dungeon.
             The game lasted 00:09:17 (2520 turns).

GorkyZ the Chopper (Gargoyle Gladiator)             Turns: 2520, Time: 00:09:21

Health: -2/32      AC:  9    Str: 18    XL:     5   Next: 2%
Magic:  5/5        EV: 12    Int:  8    God:
Gold:   219        SH:  0    Dex: 13    Spells: 4/4 levels left

rFire   . . .      SeeInvis .   a - +0 war axe
rCold   . . .      Faith    .   (no shield)
rNeg    + . .      Spirit   .   b - +0 leather armour
rPois   ∞          Reflect  .   f - +1 helmet
rElec   +          Harm     .   (no cloak)
rCorr   .          Rampage  .   (no gloves)
Will    .....                   (no boots)
Stlth   +.........              (no amulet)
HPRegen 0.10/turn               (no ring)
MPRegen 0.09/turn               (no ring)

@: no status effects
A: sickness immunity, AC +4, negative energy resistance 1, electricity
resistance, torment resistance 1, petrification resistance
a: no special abilities


You were on level 3 of the Dungeon.
You visited 1 branch of the dungeon, and saw 3 of its levels.

You collected 219 gold pieces.

Inventory:

Hand Weapons
 a - a +0 war axe (weapon)
Missiles
 d - 3 throwing nets (quivered)
 e - a javelin
Armour
 b - a +0 leather armour (worn)
 c - a +0 helmet
 f - a +1 helmet (worn)
Potions
 h - a potion of invisibility
 m - a potion of might


   Skills:
 + Level 3.1 Fighting
 + Level 3.3 Axes
 + Level 2.5 Throwing
 + Level 1.8 Armour
 + Level 2.9 Dodging


You had 4 spell levels left.
You didn't know any spells.
Your spell library contained the following spells:

 Spells                   Type           Power      Damage    Failure   Level
 Apportation              Tloc           0%         N/A       45%         1
 Alistair's Intoxication  Tmut/Pois      0%         N/A       100%        5


Dungeon Overview and Level Annotations

Branches:
Dungeon (3/15)

Altars:

Shops:
D:3 (*


Innate Abilities, Weirdness & Mutations

You are immune to sickness and miasma.
Your stone body is resilient. (AC +4)
You are immune to poison.
You resist negative energy. (rN+)
You are resistant to electric shocks. (rElec)
You are resistant to unholy torment.
You are immune to petrification.


Message History

You closely miss the quokka.
The quokka is moderately wounded.
The quokka bites you.
* * * LOW HITPOINT WARNING * * *
The quokka bites you but does no damage.
An adder comes into view.
The adder hisses angrily.
You hit the quokka.
The quokka is severely wounded.
The quokka barely misses you.
The quokka bites you but does no damage.
You barely miss the quokka.
The quokka is severely wounded.
The quokka barely misses you. The adder barely misses you.
You slash the quokka!
You kill the quokka!
You barely miss the adder. The adder closely misses you.
The adder bites you but does no damage. The adder barely misses you.
You miss the adder. You closely miss the adder.
The frilled lizard hisses angrily.
The adder closely misses you. The adder bites you but does no damage.
The adder barely misses you.
You slash the adder!
The adder is severely wounded.
You miss the adder. The adder bites you.
* * * LOW HITPOINT WARNING * * *
The adder closely misses you. The adder misses you.
The adder closely misses you.
You closely miss the adder.
The adder is severely wounded.
You closely miss the adder. The adder bites you but does no damage.
The adder closely misses you. x2
You slash the adder!
You kill the adder!
You hit the adder. The adder bites you.
* * * LOW HITPOINT WARNING * * *
The adder bites you.
* * * LOW HITPOINT WARNING * * *
The goblin hits you with a +0 dagger.
You die...

..........#.o..†......
###########..?.o......
#...........
#....#!........
#.##.....(o.... #
#.####.##..... ..# #.#
..... .### #S# .....# ..
#@###........
#g##........#
...#####g#.........
..)....wrl..........
.....#.#.g....>....#
####.#..........##.###
#.........##........#
......####........## ..#
.........w.........###..


You could see an orc priest, 2 gnolls, an adder, a dart slug, an orc
(wandering), a goblin, a frilled lizard and a rat.

Vanquished Creatures
  A howler monkey (D:2)
  3 adders
  A gnoll (D:3)
  A worm (D:2)
  2 dart slugs (D:1)
  An orc (D:2)
  5 ball pythons
  4 endoplasms
  3 giant cockroaches
  2 goblins (D:2)
  6 hobgoblins
  2 jackals (D:1)
  A quokka (D:3)
  5 bats
  4 frilled lizards
  A kobold (D:2)
  3 rats (D:2)
45 creatures vanquished.

Notes
Turn   | Place    | Note
-------+----------+-------------------------------------------
     0 | D:1      | GorkyZ the Gargoyle Gladiator began the quest for the Orb.
     0 | D:1      | Reached XP level 1. HP: 12/12 MP: 1/1
   386 | D:1      | Reached XP level 2. HP: 18/18 MP: 2/2
   899 | D:1      | Reached skill level 1 in Armour
   959 | D:1      | Reached XP level 3. HP: 22/22 MP: 3/3
  1390 | D:2      | Found a faded altar of an unknown god.
  1557 | D:2      | Reached XP level 4. HP: 23/27 MP: 4/4
  2131 | D:3      | Found Efiah's Antique Weapon Shoppe.
  2452 | D:3      | Found Haviul's Assorted Antiques.
  2506 | D:3      | Reached XP level 5. HP: 6/32 MP: 5/5
  2520 | D:3      | HP: 1/32 [adder (1)]
  2520 | D:3      | Slain by a goblin

Illustrated notes

Levels and vault maps discovered:
D:1:      amcnicky_arrival_feature_with_door, layout_rooms
D:2:      layout_basic, hellmonk_ecumenical_altar_heavens_door
D:3:      layout_rooms, serial_shops, shop, nicolae_shop_trees,
          ebering_ghost_inner_flame

Skill      XL: |  1  2  3  4 |
---------------+-------------+-----
Throwing       | 2 |  2.5
Armour         | 1 |  1.8
Axes           | 3 |  3.3
Fighting       | 3 |  3.1
Dodging        | |  2.9

Action                   |  1- 3 |  4- 6 || total
-------------------------+-------+-------++-------
Melee: War axe           |    88 |    45 ||   133
       Punch             |     2 |     1 ||     3
  Use: Scroll            |       |     7 ||     7
       Potion            |       |     1 ||     1
Armor: Leather armour    |    57 |    34 ||    91
Dodge: Dodged            |    70 |    56 ||   126
